 Dungeon Crawl Stone Soup version 0.26.1-2-gb8aa6d0cf2 (webtiles) character file.

Game seed: 12385873195147507385

322 Groucho the Covert (level 6, 0/28 HPs)
             Began as a Spriggan Enchanter on Feb 21, 2021.
             Killed from afar by an orc priest (6 damage)
             ... with a puff of flame
             ... on level 3 of the Dungeon.
             The game lasted 00:10:45 (8738 turns).

Groucho the Covert (Spriggan Enchanter)             Turns: 8738, Time: 00:10:46

Health: 0/28       AC:  2    Str:  5    XL:     6   Next: 22%
Magic:  1/11       EV: 18    Int: 18    God:
Gold:   109        SH:  0    Dex: 16    Spells: 4/10 levels left

rFire    . . .     SeeInvis +   h - +1 dagger (speed)
rCold    . . .     Faith    .   (shield restricted)
rNeg     . . .     Spirit   .   b - +0 robe
rPois    .         Reflect  .   (helmet restricted)
rElec    .         Harm     .   (no cloak)
rCorr    .         Rampage  .   (gloves unavailable)
Will     +....                  (boots unavailable)
Stlth    +++++.....             (no amulet)
HPRegen  0.09/turn              (no ring)
MPRegen  0.12/turn              (no ring)

@: very slightly contaminated, very quick
A: very small, unfitting armour, see invisible, speed 3
a: no special abilities


You were on level 3 of the Dungeon.
You visited 1 branch of the dungeon, and saw 4 of its levels.

You collected 109 gold pieces.

Inventory:

Hand Weapons
 a - a +1 dagger
 h - a +1 dagger of speed (weapon)
Missiles
 g - 3 atropa-tipped darts (quivered)
Armour
 b - a +0 robe (worn)
Jewellery
 e - a +6 ring of intelligence {unknown}
Scrolls
 i - a scroll of identify {unknown}
 j - 5 scrolls of teleportation {unknown}
 k - a scroll of enchant weapon {unknown}
Potions
 c - 2 potions of might {unknown}
 d - a potion of experience {unknown}
 f - 3 potions of curing
 l - a potion of heal wounds {unknown}
 m - a potion of attraction {unknown}
 n - a potion of haste {unknown}
 o - a potion of lignification {unknown}


   Skills:
 - Level 1.1 Short Blades
 - Level 3.0 Dodging
 + Level 10.8 Stealth
 - Level 2.6 Spellcasting
 - Level 3.6 Hexes


You had 4 spell levels left.
You knew the following spells:

 Your Spells              Type           Power        Failure   Level
a - Corona                Hex            16%          3%          1
b - Ensorcelled Hibernat  Hex/Ice        16%          12%         2
c - Confusing Touch       Hex            15%          12%         3

Your spell library contained the following spells:

 Spells                   Type           Power        Failure   Level
 Tukima's Dance           Hex            15%          12%         3
 Dazzling Flash           Conj/Hex       16%          24%         3


Dungeon Overview and Level Annotations

Branches:
Dungeon (4/15)
 Temple: D:4-7

Altars:
Uskayaw


Innate Abilities, Weirdness & Mutations

You are very small and have problems with some larger weapons.
You are too small for most types of armour.
You have supernaturally acute eyesight. (SInv)
You cover ground extremely quickly.


Message History

You hit the orc priest.
The orc priest is moderately wounded.
You hit the orc priest.
The orc priest is severely wounded.
The orc priest closely misses you.
You hit the orc priest.
The orc priest is severely wounded.
The orc priest hits you with a +0 flail.
* * * LOW HITPOINT WARNING * * *
Unknown command.
You barely miss the orc priest.
The orc priest is severely wounded.
You hit the orc priest.
The orc priest is almost dead.
The orc priest drinks a potion.
The orc priest is healed!
The orc priest seems less confused.
You hit the orc priest.
The orc priest is moderately wounded.
The orc priest zaps a wand.
The puff of flame hits you.
You die...

....................... .#
####....##...#..######....
#....#.####.###........#
#.####.#....# #....####
#.# #...##.###.##..####
#### ..# ##..
#.#...###....###...#.# .##
#.# .....#######.........
##
#.##.###.##.[)>).....##.
###
###.......o.@.####...###
..###......###...## ##.>.#
#..##.#.####
###........#.# ##..).#.#
###......#.# ##...##.#
#......#)# #...###.#
########......# ....# #.#
#.......g #.### #.#
........) #.# #.#
.........


You could see an orc priest.

Vanquished Creatures
  An ice beast (D:4)
  An orc wizard (D:3)
  2 orc priests (D:3)
  Jessica (D:2)
  A worker ant (D:4)
  A gnoll (D:1)
  An adder (D:2)
  A worm (D:2)
  2 dart slugs
  2 leopard geckos (D:2)
  11 orcs
  A giant cockroach (D:2)
  6 goblins
  5 hobgoblins
  2 jackals (D:3)
  A quokka (D:2)
  6 bats
  2 frilled lizards (D:1)
  5 kobolds
  5 rats
57 creatures vanquished.

Vanquished Creatures (others)
  73 plants (D:3)
73 creatures vanquished.

Grand Total: 130 creatures vanquished

Notes
Turn   | Place    | Note
-------+----------+-------------------------------------------
     0 | D:1      | Groucho the Spriggan Enchanter began the quest for the Orb.
     0 | D:1      | Reached XP level 1. HP: 9/9 MP: 5/5
   883 | D:1      | Reached skill level 5 in Stealth
  1344 | D:1      | Reached XP level 2. HP: 4/13 MP: 6/6
  1990 | D:1      | Reached skill level 6 in Stealth
  3258 | D:2      | Reached XP level 3. HP: 16/16 MP: 8/8
  3481 | D:1      | Learned a level 3 spell: Tukima's Dance
  3485 | D:1      | Learned a level 2 spell: Ensorcelled Hibernation
  3489 | D:1      | Learned a level 3 spell: Confusing Touch
  3492 | D:2      | Found a hide-covered altar of Uskayaw.
  4019 | D:2      | Reached skill level 7 in Stealth
  4542 | D:2      | Noticed Jessica
  4552 | D:2      | Killed Jessica
  4553 | D:2      | Reached XP level 4. HP: 21/21 MP: 9/9
  4895 | D:2      | Reached skill level 8 in Stealth
  6417 | D:3      | HP: 1/21 [orc priest/divine providence (16)]
  7522 | D:3      | Reached skill level 9 in Stealth
  7522 | D:3      | Reached XP level 5. HP: 24/24 MP: 4/10
  7923 | D:4      | Noticed an ice beast
  7924 | D:4      | Killed an ice beast
  7925 | D:4      | Reached skill level 10 in Stealth
  8272 | D:3      | Reached XP level 6. HP: 16/28 MP: 3/11
  8738 | D:3      | Killed from afar by an orc priest

Illustrated notes

Levels and vault maps discovered:
D:1:      minmay_arrival_shoal_huts, layout_basic
D:2:      layout_basic, lemuel_crystal_altar, uniq_jessica
D:3:      layout_rooms, kennysheep_boxes
D:4:      layout_loops_ring

Skill      XL: |  1  2  3  4  5 |
---------------+----------------+-----
Stealth        | 5 6 7 9 10 | 10.8
Short Blades   | |  1.1
Dodging        | |  3.0
Spellcasting   | |  2.6
Hexes          | |  3.6

Action                   |  1- 3 |  4- 6 || total
-------------------------+-------+-------++-------
Melee: Dagger            |   110 |   100 ||   210
Throw: Dart              |    12 |     5 ||    17
 Cast: Ensorcelled Hiber |     2 |    21 ||    23
       Confusing Touch   |       |    11 ||    11
       Corona            |       |     1 ||     1
  Use: Scroll            |     1 |       ||     1
 Stab: Sleeping          |    14 |    16 ||    30
       Invisible         |     3 |       ||     3
       Confused          |       |     7 ||     7
Armor: Robe              |    10 |     4 ||    14
Dodge: Dodged            |    60 |    61 ||   121
